[Event "November 21 Early 2023"]
[Site "https://www.chess.com"]
[Date "2023.11.21"]
[Round "3"]
[White "Papasimakopoulos, Alexandros"]
[Black "Daniel_Salinas"]
[Result "1-0"]
[Board "129"]
[TimeControl "180+1"]
[WhiteFideId "4244125"]
[WhiteElo "2346"]
[BlackElo "2430"]
[WhiteTeam "GRE"]
[WhiteClock "0:00:46"]
[BlackClock "0:00:00"]

1. d4 d5 2. c4 dxc4 3. Nf3 Nf6 4. e3 e6 5. Bxc4 c5 6. O-O a6 7. Bd3 b5 8. Qe2 Bb7 9. a4 b4 10. Nbd2 Be7 11. Nb3 Nbd7 12. Rd1 Qc7 13. dxc5 Nxc5 14. Nxc5 Bxc5 15. Bd2 O-O 16. Rac1 Qb6 17. Ne5 Rfd8 18. Be1 Rac8 19. Nc4 Qa7 20. a5 Nd5 21. Be4 Qa8 22. Ne5 g6 23. Bf3 Bd6 24. Nc4 Bc5 25. h3 Bc6 26. Nb6 Nxb6 27. axb6 Bxb6 28. Bxb4 Bxf3 29. Qxf3 Qxf3 30. gxf3 Rxd1+ 31. Rxd1 a5 32. Bc3 a4 33. Rd6 Bc5 34. Ra6 a3 35. bxa3 Bxe3 36. Bf6 Bc5 37. a4 Bf8 38. a5 Bg7 39. Bg5 Bd4 40. Rd6 e5 41. Bf6 h6 42. h4 Kh7 43. Rd7 Kg8 44. f4 Rc5 45. Rd8+ 1-0

[Event "November 21 Early 2023"]
[Site "https://www.chess.com"]
[Date "2023.11.21"]
[Round "3"]
[White "Yeritsyan, Hayk"]
[Black "Gubajdullin, Alexei"]
[Result "1-0"]
[Board "130"]
[TimeControl "180+1"]
[WhiteFideId "13307320"]
[BlackFideId "4141202"]
[WhiteElo "2130"]
[BlackElo "2280"]
[WhiteTeam "ARM"]
[BlackTeam "RUS"]
[WhiteClock "0:00:13"]
[BlackClock "0:00:12"]

1. c4 Nf6 2. Nc3 g6 3. b4 Bg7 4. Bb2 O-O 5. d3 d6 6. Nf3 e5 7. e3 Nbd7 8. Be2 a5 9. b5 Nc5 10. O-O Bf5 11. e4 Bg4 12. Ne1 Bxe2 13. Qxe2 Ne6 14. Nc2 Nh5 15. g3 Qe8 16. Nd5 f5 17. Ba3 b6 18. Bc1 f4 19. Qg4 Nf6 20. Qh3 Nd7 21. f3 fxg3 22. hxg3 Ndc5 23. Ne1 Rf7 24. Be3 Qf8 25. Kg2 Rd8 26. Rd1 h5 27. Rd2 Bh6 28. Nc2 Bxe3 29. Ncxe3 Qh6 30. Rdf2 Nd4 31. Rd1 Rdf8 32. f4 exf4 33. gxf4 Nde6 34. f5 Nd4 35. f6 Qg5+ 36. Kh1 Kh7 37. Rg1 Qe5 38. Ng4 Qg5 39. Nge3 Qh6 40. Nc2 Nxc2 41. Rxc2 Nd7 42. Rcg2 Nxf6 43. Rxg6 Qxg6 44. Rxg6 Kxg6 45. Qf5+ Kg7 46. Qg5+ Kh7 47. Nf4 Rg8 48. Qf5+ Kh6 49. Qe6 Rff8 50. Nd5 Rg6 51. Qe7 Re8 52. Qxc7 Ng4 53. Qf7 Rh8 54. Ne7 Rf6 55. Nf5+ Kg5 56. Qg7+ Kf4 57. Qxh8 Nf2+ 58. Kg2 Ng4 59. Qxh5 Ne5 60. Qh4+ Ng4 61. Kh3 Rg6 62. Ne7 Rg7 63. Nf5 Rg6 64. Qg3+ Kg5 65. Ne3 Kf6 66. Nxg4+ Ke7 67. Qf4 Rg7 68. Qf6+ Kd7 69. Qxg7+ Ke6 70. Nf6 Ke5 71. Nd5+ Ke6 72. Qe7# 1-0

[Event "November 21 Early 2023"]
[Site "https://www.chess.com"]
[Date "2023.11.21"]
[Round "3"]
[White "Avalos Parra, Joao"]
[Black "Vlassov, Nikolai"]
[Result "0-1"]
[Board "131"]
[TimeControl "180+1"]
[WhiteFideId "3402541"]
[BlackFideId "4103360"]
[WhiteElo "2173"]
[BlackElo "2324"]
[WhiteTeam "CHI"]
[BlackTeam "FID"]
[WhiteClock "0:00:16"]
[BlackClock "0:00:13"]

1. d4 Nf6 2. c4 Nc6 3. Nf3 e6 4. a3 g6 5. Nc3 Bg7 6. e4 d6 7. Be2 O-O 8. O-O e5 9. d5 Nd4 10. Be3 c5 11. dxc6 Nxe2+ 12. Qxe2 bxc6 13. h3 Ba6 14. Rfd1 Qc7 15. b4 d5 16. exd5 cxd5 17. b5 d4 18. bxa6 dxc3 19. Rac1 Qa5 20. Qc2 Qxa3 21. Qxc3 Qxa6 22. Ra1 Qb7 23. Rdb1 Qc7 24. Qxe5 Qxe5 25. Nxe5 Ne4 26. f4 a5 27. Rb5 a4 28. Ra3 Ra6 29. Kf1 Rfa8 30. Ke2 Bf8 31. c5 Ra5 32. Rxa5 Rxa5 33. Nd7 Be7 34. Kd3 f5 35. Kc4 Kf7 36. Ne5+ Ke6 37. Nc6 Bxc5 38. Nxa5 Bxa3 39. Kb5 Nc3+ 40. Kc4 Nd5 41. Bd2 Bd6 42. Nc6 Bxf4 43. Nd4+ Ke5 44. Nf3+ Ke4 45. Ba5 Bd6 46. Bd2 a3 47. Kb3 Kd3 48. Bc1 Ke2 49. Bxa3 Bxa3 50. Kxa3 Kf2 51. Nh4 Kg3 0-1

[Event "November 21 Early 2023"]
[Site "https://www.chess.com"]
[Date "2023.11.21"]
[Round "3"]
[White "Gutkin, Ilya"]
[Black "Hilary46"]
[Result "0-1"]
[Board "132"]
[TimeControl "180+1"]
[WhiteFideId "16203470"]
[WhiteElo "2248"]
[BlackElo "2597"]
[WhiteTeam "GER"]
[WhiteClock "0:00:00"]
[BlackClock "0:00:09"]

1. e4 e5 2. Nf3 Nc6 3. Bb5 a6 4. Ba4 Nf6 5. O-O Nxe4 6. Re1 Nc5 7. Bxc6 dxc6 8. Nxe5 Be7 9. d4 Ne6 10. c3 O-O 11. Nd2 c5 12. dxc5 Nxc5 13. Nb3 Qxd1 14. Rxd1 Nxb3 15. axb3 f6 16. Nc4 Be6 17. Bf4 Rac8 18. Na5 Rfe8 19. Nxb7 Bxb3 20. Rd7 Bd8 21. h4 Be6 22. Rxd8 Rexd8 23. Nxd8 Rxd8 24. Rxa6 Bb3 25. Rc6 Rd1+ 26. Kh2 Rb1 27. Rxc7 Rxb2 28. Rb7 Rb1 29. Bd6 Ba2 30. Ra7 Bd5 31. Rc7 Rb2 32. Bc5 Rc2 33. Bd4 h6 34. Kg3 Rc1 35. f3 Rc2 36. Kh3 Be6+ 37. Kg3 Bd5 38. Rd7 Be6 39. Rd6 Bf7 40. Rb6 Bc4 41. Rc6 Bf1 42. Kf4 Bxg2 43. c4 Rc1 44. Kg3 Bf1 45. c5 Bb5 46. Rc7 Ba4 47. Kf4 Bb5 48. Ke4 Ba4 49. Kd5 Bb3+ 50. Kd6 Bd1 51. c6 Bxf3 52. Rc8+ Kh7 53. c7 Bg4 54. Rd8 Kg6 55. Bc5 h5 56. c8=Q Bxc8 57. Rxc8 Rc4 58. Rg8 Rxh4 59. Kd5 Kf7 60. Ra8 g5 61. Ra6 Kg6 62. Bd4 Rf4 63. Be5 Rf5 64. Kd4 Rxe5 0-1

[Event "November 21 Early 2023"]
[Site "https://www.chess.com"]
[Date "2023.11.21"]
[Round "3"]
[White "FoxOnTheRun97"]
[Black "Osinovsky, Stepan"]
[Result "0-1"]
[Board "133"]
[TimeControl "180+1"]
[BlackFideId "4157354"]
[WhiteElo "2594"]
[BlackElo "2222"]
[BlackTeam "RUS"]
[WhiteClock "0:00:04"]
[BlackClock "0:00:08"]

1. d4 Nf6 2. Bg5 g6 3. Bxf6 exf6 4. e3 Bg7 5. g3 O-O 6. Bg2 d6 7. Ne2 f5 8. O-O h5 9. h4 Nd7 10. c4 Nf6 11. Nf4 Ng4 12. Nc3 Re8 13. Re1 a5 14. a3 Ra6 15. b4 b6 16. Qd3 Bf6 17. Bc6 Rf8 18. Bd5 Kg7 19. Kg2 Bxh4 20. f3 axb4 21. axb4 Rxa1 22. Rxa1 Nxe3+ 23. Qxe3 Bxg3 24. Kxg3 Re8 25. Qd2 Qg5+ 26. Kh2 Qh4+ 27. Kg2 Qg5+ 28. Kh3 h4 29. Nce2 Rxe2 30. Qxe2 Qg3# 0-1

[Event "November 21 Early 2023"]
[Site "https://www.chess.com"]
[Date "2023.11.21"]
[Round "3"]
[White "Manukian, Artak"]
[Black "Srebrnic, Marko"]
[Result "1/2-1/2"]
[Board "134"]
[TimeControl "180+1"]
[WhiteFideId "13301373"]
[BlackFideId "14603616"]
[WhiteElo "2030"]
[BlackElo "2322"]
[WhiteTeam "ARM"]
[BlackTeam "SLO"]
[WhiteClock "0:00:08"]
[BlackClock "0:00:10"]

1. e4 c6 2. d4 g6 3. e5 d6 4. f4 dxe5 5. fxe5 Be6 6. Nf3 h6 7. c4 Bg7 8. Nc3 Bg4 9. Be3 c5 10. Qb3 Bxf3 11. gxf3 cxd4 12. O-O-O Qb6 13. Qxb6 axb6 14. Bxd4 Nc6 15. Nd5 Rxa2 16. Kb1 Nxd4 17. Rxd4 Bxe5 18. Nc7+ Bxc7 19. Kxa2 Nf6 20. Bg2 g5 21. h4 O-O 22. hxg5 hxg5 23. b4 Bf4 24. Rhd1 Kg7 25. Rd8 Ne8 26. Kb3 Nd6 27. Rxf8 Kxf8 28. Ra1 Be3 29. Ra8+ Kg7 30. Kc3 f5 31. Kd3 Bg1 32. Rb8 Kf6 33. f4 g4 34. Bxb7 Nxb7 35. Rxb7 g3 36. Ke2 e5 37. fxe5+ Kxe5 38. Kf3 f4 39. Re7+ Kd4 40. Re4+ Kc3 41. b5 Be3 42. c5 Bxc5 43. Rxf4 Bf2 44. Kg2 Kd3 45. Ra4 Kc3 46. Rg4 Kd3 47. Kf3 Kc3 48. Ke4 Kd2 49. Kf3 Kd3 50. Kg2 Kc3 51. Re4 Kd3 52. Ra4 Kc3 53. Rg4 Kd3 54. Kf3 Kd2 55. Kg2 Kc3 56. Re4 Kd3 57. Rg4 Kc3 1/2-1/2

[Event "November 21 Early 2023"]
[Site "https://www.chess.com"]
[Date "2023.11.21"]
[Round "3"]
[White "Xie, Bryan"]
[Black "Vestby-Ellingsen, Mads"]
[Result "0-1"]
[Board "135"]
[TimeControl "180+1"]
[WhiteFideId "30941296"]
[BlackFideId "1520857"]
[WhiteElo "2033"]
[BlackElo "2241"]
[WhiteTeam "USA"]
[BlackTeam "NOR"]
[WhiteClock "0:00:19"]
[BlackClock "0:00:18"]

1. e4 d5 2. exd5 Qxd5 3. Nc3 Qd8 4. d4 Nf6 5. Nf3 c6 6. Bc4 Bf5 7. O-O e6 8. Bf4 Bd6 9. Bxd6 Qxd6 10. Ne5 Nbd7 11. Re1 O-O 12. Qe2 Qxd4 13. Rad1 Qxe5 14. Qxe5 Nxe5 15. Rxe5 Rfd8 16. Ree1 Bxc2 17. Rc1 Rd2 18. Re2 Rad8 19. Kf1 Bd3 20. Bxd3 R8xd3 21. Na4 Rd1+ 22. Re1 Rxc1 23. Rxc1 Kf8 24. Nc5 Rd2 25. Nxb7 Rxb2 26. Nd6 Rxa2 27. Rxc6 Nd5 28. Nc4 Rc2 29. Na5 Rxc6 30. Nxc6 a6 31. Ke1 g5 32. Kd2 Kg7 33. g3 g4 34. Kd3 f5 35. Kd4 Kf6 36. Ne5 a5 37. Nd7+ Ke7 38. Nc5 Kf6 39. Nd7+ Kg5 40. Nc5 Nc7 41. Ke5 h5 42. Kd6 Nb5+ 43. Kxe6 Nd4+ 44. Kd5 Nf3 45. Ne6+ Kh6 46. Kc5 Nxh2 47. Kb5 Nf1 48. Kxa5 Nd2 49. Nd4 Kg6 50. Ne2 Kg5 51. Nf4 h4 52. Ne6+ Kf6 53. gxh4 Kxe6 54. Kb4 Ne4 55. Kc4 Nxf2 56. Kd4 Kf6 57. Ke3 Ne4 58. Kf4 Nd6 59. h5 Nf7 60. Kg3 Kg5 61. h6 Nxh6 62. Kg2 f4 63. Kf2 Nf5 64. Kg2 f3+ 65. Kf2 Kf4 66. Kg1 g3 67. Kh1 Ke3 68. Kg1 Ke2 69. Kh1 f2 0-1

[Event "November 21 Early 2023"]
[Site "https://www.chess.com"]
[Date "2023.11.21"]
[Round "3"]
[White "Skatchkov, Valery"]
[Black "Miszler, Levente"]
[Result "0-1"]
[Board "136"]
[TimeControl "180+1"]
[WhiteFideId "24195812"]
[BlackFideId "763276"]
[WhiteElo "2320"]
[BlackElo "2186"]
[WhiteTeam "RUS"]
[BlackTeam "HUN"]
[WhiteClock "0:00:06"]
[BlackClock "0:00:06"]

1. d4 Nf6 2. c3 d5 3. Bf4 c5 4. e3 Nc6 5. Nd2 e6 6. Ngf3 Bd6 7. Bg3 h5 8. Bd3 b6 9. Qe2 Bb7 10. O-O Qc7 11. Bxd6 Qxd6 12. e4 dxe4 13. Nxe4 Nxe4 14. Bxe4 cxd4 15. cxd4 Rd8 16. d5 Na5 17. dxe6 Qxe6 18. Qb5+ Bc6 19. Bxc6+ Qxc6 20. Rfe1+ Kf8 21. Qg5 f6 22. Qg6 Rh6 23. Qf5 Qd5 24. Qf4 Rg6 25. Rac1 Nc6 26. Qc7 Ne5 27. Rxe5 fxe5 28. Kh1 Rd7 29. Qc2 Qd3 30. Qa4 e4 31. Qb4+ Kg8 32. Ng1 e3 33. fxe3 Qxe3 34. Rf1 Qe4 35. Qb3+ Kh7 36. Qh3 Qg4 37. Qxg4 Rxg4 38. Rf5 Rd2 39. g3 g6 40. Rf7+ Kh6 41. Rxa7 Re4 42. Nf3 Rd3 43. Rf7 Re2 44. Rf6 Rd1+ 45. Ng1 Ree1 46. Kg2 Rxg1+ 47. Kh3 Rgf1 48. Rxb6 Rd2 49. b4 Rff2 50. g4 Rxh2+ 51. Kg3 Rdg2+ 52. Kf3 Rxg4 53. a4 Rh3+ 54. Kf2 Rb3 55. a5 Rgxb4 56. Rc6 Ra4 57. a6 Ra2+ 58. Ke1 Rb1+ 0-1

[Event "November 21 Early 2023"]
[Site "https://www.chess.com"]
[Date "2023.11.21"]
[Round "3"]
[White "Tsyhanchuk, Stanislav"]
[Black "WindWhistler11"]
[Result "0-1"]
[Board "137"]
[TimeControl "180+1"]
[WhiteFideId "13505130"]
[WhiteElo "2173"]
[BlackElo "2585"]
[WhiteTeam "BLR"]
[WhiteClock "0:00:08"]
[BlackClock "0:00:13"]

1. e4 e6 2. d4 d5 3. Nc3 Bb4 4. e5 Ne7 5. a3 Bxc3+ 6. bxc3 c5 7. Bd3 c4 8. Be2 Qa5 9. Bd2 Qa4 10. f4 Nbc6 11. Nf3 Bd7 12. O-O O-O-O 13. Qb1 Rdf8 14. Qb2 b6 15. Rfb1 h6 16. Qb5 Nxe5 17. Qb4 Nxf3+ 18. Bxf3 Qxb4 19. axb4 Kb7 20. b5 Nf5 21. g3 Nd6 22. Rb4 Bxb5 23. Bc1 Bc6 24. Ba3 Rd8 25. Rab1 Kc7 26. Re1 Nb5 27. Bc1 a5 28. Rb1 Nxc3 29. Ra1 Nb5 30. Bd2 Nxd4 31. Bd1 Nb5 32. Be3 Ra8 33. Bf2 Rhb8 34. f5 exf5 35. Re7+ Kd8 36. Rxf7 Nd6 37. Rxg7 Be8 38. Bd4 Rb7 39. Bf6+ Kc8 40. Rg8 Kd7 41. c3 Ke6 42. Bd4 Nb5 43. Rh8 Nxd4 44. Rxh6+ Ke5 45. cxd4+ Kxd4 46. Bf3 Kc5 47. Rd1 Rd8 48. Rh5 Bc6 49. Rxf5 b5 50. Rf6 b4 51. Re1 b3 52. Ree6 Rb6 53. Re1 a4 54. Rb1 a3 55. Rf4 a2 56. Re1 b2 57. Bg4 c3 58. Rff1 c2 59. Bf5 b1=Q 60. Bxc2 Qxc2 61. Rc1 Rb2 62. Rxc2+ Rxc2 63. Ra1 Rb8 64. h3 Rbb2 65. Rb1 axb1=Q# 0-1

[Event "November 21 Early 2023"]
[Site "https://www.chess.com"]
[Date "2023.11.21"]
[Round "3"]
[White "Gundam, Rohit"]
[Black "gueraumasague"]
[Result "0-1"]
[Board "138"]
[TimeControl "180+1"]
[WhiteFideId "75002809"]
[WhiteElo "2413"]
[BlackElo "2585"]
[WhiteTeam "USA"]
[WhiteClock "0:00:01"]
[BlackClock "0:01:23"]

1. d4 g6 2. Nf3 Nf6 3. c4 Bg7 4. Nc3 d6 5. e4 O-O 6. h3 c5 7. d5 e6 8. Be3 exd5 9. exd5 Re8 10. Bd3 Rxe3+ 11. fxe3 Nbd7 12. O-O Qe7 13. Qd2 Nh5 14. Rae1 Ne5 15. Nxe5 Bxe5 16. Rf3 Bd7 17. Ref1 f5 18. Ne2 Re8 19. e4 f4 20. Nxf4 Qg5 21. Qf2 Nxf4 22. Rxf4 Bd4 23. Qxd4 cxd4 24. R1f3 Bxh3 25. g3 h5 26. Kh2 Bg4 27. Rf2 h4 28. b3 hxg3+ 29. Kxg3 Be2+ 0-1

[Event "November 21 Early 2023"]
[Site "https://www.chess.com"]
[Date "2023.11.21"]
[Round "3"]
[White "Mushini Ajay"]
[Black "Pak, Yevgeniy"]
[Result "1-0"]
[Board "139"]
[TimeControl "180+1"]
[WhiteFideId "35066188"]
[BlackFideId "14201712"]
[WhiteElo "2162"]
[BlackElo "2320"]
[WhiteTeam "IND"]
[BlackTeam "KAZ"]
[WhiteClock "0:01:34"]
[BlackClock "0:01:23"]

1. e4 e5 2. Nf3 Nf6 3. Nxe5 d6 4. Nf3 Nxe4 5. Nc3 Nf6 6. d4 d5 7. Bd3 Bd6 8. h3 h6 9. O-O O-O 10. Re1 c6 11. Ne5 Nbd7 12. Bf4 Qc7 13. Qf3 a5 14. Re2 b5 15. Bxb5 cxb5 16. Nxb5 Qb6 17. Nxd7 Bxd7 18. Nxd6 Qxb2 19. Rae1 Qxa2 20. Bxh6 a4 21. Re5 Kh7 22. Bxg7 Kxg7 23. Rg5+ Kh7 24. Qxf6 Rg8 25. Rh5# 1-0

[Event "November 21 Early 2023"]
[Site "https://www.chess.com"]
[Date "2023.11.21"]
[Round "3"]
[White "Kim, Sergey"]
[Black "Marchesich, Giovanni"]
[Result "1-0"]
[Board "140"]
[TimeControl "180+1"]
[WhiteFideId "13700570"]
[BlackFideId "2824790"]
[WhiteElo "2583"]
[BlackElo "2198"]
[WhiteTeam "KAZ"]
[BlackTeam "ITA"]
[WhiteClock "0:01:44"]
[BlackClock "0:01:54"]

1. d4 Nf6 2. c4 c5 3. d5 b5 4. cxb5 a6 5. b6 e6 6. Nc3 exd5 7. Nxd5 Bb7 8. Nc7+ Ke7 9. Bf4 d5 10. Nxa8 Bxa8 11. Bc7 Qc8 12. Nf3 Nc6 13. e3 Ke8 14. Be2 Rg8 15. O-O g5 16. Qa4 g4 17. Ne5 Qe6 18. Bxa6 Bh6 19. Bb5 Kf8 20. Qxa8+ Kg7 21. Qxc6 Qf5 22. Bd3 Ne4 23. Bxe4 dxe4 24. Qd7 g3 1-0

[Event "November 21 Early 2023"]
[Site "https://www.chess.com"]
[Date "2023.11.21"]
[Round "3"]
[White "ploxoi"]
[Black "NelsonLinda"]
[Result "1-0"]
[Board "141"]
[TimeControl "180+1"]
[WhiteElo "2408"]
[BlackElo "2582"]
[WhiteClock "0:01:09"]
[BlackClock "0:00:03"]

1. d4 Nf6 2. c4 g6 3. Nc3 Bg7 4. e4 d6 5. Nf3 O-O 6. Be2 Na6 7. O-O e5 8. d5 Nc5 9. Qc2 a5 10. Bg5 h6 11. Be3 Qe7 12. Nd2 Ng4 13. Bxg4 Bxg4 14. f3 Bd7 15. b3 f5 16. a3 f4 17. Bf2 g5 18. b4 Na6 19. Rab1 axb4 20. axb4 b6 21. Na4 g4 22. c5 bxc5 23. bxc5 g3 24. hxg3 fxg3 25. Be3 Qh4 26. Rfc1 Qh2+ 27. Kf1 Bh3 28. Nc4 Rxf3+ 29. Ke1 Bxg2 30. Qe2 Qh3 31. Kd2 Nxc5 32. Nxc5 dxc5 33. Rg1 Ra2+ 34. Rb2 Rxb2+ 35. Nxb2 Rxe3 36. Kxe3 Bh1 37. Nd3 c4 38. Ne1 Bf8 39. Qxc4 g2+ 40. Kf2 Qh4+ 41. Ke2 Qg4+ 42. Nf3 h5 43. d6+ Kh8 44. dxc7 Qc8 45. Nxe5 Bd6 46. Nf7+ Kg7 47. Nxd6 Qg4+ 48. Kd2 Qf4+ 49. Kc2 Qf2+ 50. Kb3 Qe3+ 51. Qc3+ Qxc3+ 52. Kxc3 1-0

[Event "November 21 Early 2023"]
[Site "https://www.chess.com"]
[Date "2023.11.21"]
[Round "3"]
[White "Bettalli, Francesco"]
[Black "Nguyen, Thi Mai Hung"]
[Result "1-0"]
[Board "142"]
[TimeControl "180+1"]
[WhiteFideId "2816453"]
[BlackFideId "12401676"]
[WhiteElo "2226"]
[BlackElo "2067"]
[WhiteTeam "ITA"]
[BlackTeam "VIE"]
[WhiteClock "0:00:26"]
[BlackClock "0:00:00"]

1. d4 d5 2. Nc3 Nf6 3. Bf4 c6 4. f3 Bf5 5. g4 Bg6 6. h4 h5 7. g5 Nfd7 8. e4 e6 9. Qd2 Bb4 10. Bd3 c5 11. a3 Bxc3 12. Qxc3 dxe4 13. Bxe4 Bxe4 14. fxe4 cxd4 15. Qxd4 e5 16. Qc3 exf4 17. Qxg7 Qa5+ 18. c3 Qe5 19. Qxe5+ Nxe5 20. Nh3 f3 21. Kf2 Nbc6 22. Nf4 O-O-O 23. Nd5 Rd6 24. Rad1 Rhd8 25. Kg3 Kb8 26. Rhf1 Ne7 27. Kf4 Nxd5+ 28. exd5 Rxd5 29. Rxd5 Rxd5 30. Ke4 Rb5 31. a4 Rc5 32. b4 Rxc3 33. Kxe5 Rb3 34. Kf6 Rxb4 35. Kxf7 Rf4+ 36. Ke7 f2 37. g6 Rg4 38. Kf7 Rf4+ 39. Kg8 1-0

[Event "November 21 Early 2023"]
[Site "https://www.chess.com"]
[Date "2023.11.21"]
[Round "3"]
[White "Gallegos Diaz, Carlos Alberto"]
[Black "Predator0608"]
[Result "0-1"]
[Board "143"]
[TimeControl "180+1"]
[WhiteFideId "3900886"]
[WhiteElo "2362"]
[BlackElo "2580"]
[WhiteTeam "VEN"]
[WhiteClock "0:00:00"]
[BlackClock "0:00:16"]

1. e4 c5 2. Nf3 d6 3. Be2 Nf6 4. d3 g6 5. O-O Bg7 6. h3 O-O 7. c3 Nc6 8. Re1 e5 9. a3 d5 10. Nbd2 Re8 11. b4 b6 12. Bb2 d4 13. cxd4 Nxd4 14. Bxd4 cxd4 15. b5 Nd7 16. a4 Nc5 17. Nb3 Bf8 18. Nfd2 a5 19. Nxc5 Bxc5 20. Bg4 Bb4 21. Rf1 Bxg4 22. hxg4 Rc8 23. Nf3 Rc3 24. Qd2 Qe7 25. Qh6 Rec8 26. Ng5 f6 27. Nh3 Rxd3 28. g5 Bd2 29. Qh4 Bxg5 30. Qg4 Rdc3 31. f4 exf4 32. Rae1 Re3 33. Rxe3 fxe3 34. Nf4 Re8 35. Nd5 Qxe4 36. Qd7 Qe6 37. Qc6 e2 38. Re1 d3 0-1

[Event "November 21 Early 2023"]
[Site "https://www.chess.com"]
[Date "2023.11.21"]
[Round "3"]
[White "ChainedDowntohell"]
[Black "secrethawk1"]
[Result "1-0"]
[Board "144"]
[TimeControl "180+1"]
[WhiteElo "2578"]
[BlackElo "2389"]
[WhiteClock "0:00:17"]
[BlackClock "0:00:00"]

1. d4 Nf6 2. c4 e6 3. Nf3 b6 4. a3 a5 5. Nc3 Bb7 6. Bg5 Be7 7. Bxf6 Bxf6 8. e4 d6 9. Bd3 Nd7 10. Qe2 e5 11. d5 Nc5 12. Bc2 a4 13. h4 h6 14. g4 g6 15. O-O-O Be7 16. Kb1 Bc8 17. Rdg1 Bd7 18. Ne1 Bxh4 19. Nd3 Nb3 20. Qd1 Nd4 21. Bxa4 Bxa4 22. Nxa4 Bf6 23. Nc3 g5 24. Ne2 Nf3 25. Rg3 Nh4 26. Nc3 Bg7 27. Qe2 Qd7 28. Nb4 f6 29. Qd2 Qd8 30. f3 Qd7 31. Nd1 Ng6 32. Ne3 Nh4 33. Rgh3 Kf8 34. Nc6 Qf7 35. Qb4 Rc8 36. Qa4 Qd7 37. Qa6 Re8 38. b3 Qc8 39. Qb5 Qd7 40. Kb2 Qc8 41. b4 Qd7 42. c5 bxc5 43. bxc5 dxc5 44. Qd3 Kg8 45. Qc3 Rf8 46. Qxc5 1-0

[Event "November 21 Early 2023"]
[Site "https://www.chess.com"]
[Date "2023.11.21"]
[Round "3"]
[White "Demin, Vladimir"]
[Black "MIss_MIaMI"]
[Result "1-0"]
[Board "145"]
[TimeControl "180+1"]
[WhiteFideId "4167457"]
[WhiteElo "2573"]
[BlackElo "2364"]
[WhiteTeam "RUS"]
[WhiteClock "0:00:03"]
[BlackClock "0:00:00"]

1. d4 c5 2. dxc5 Na6 3. e4 Nxc5 4. Nc3 d6 5. Be3 Qa5 6. Qd2 Nf6 7. f3 a6 8. a3 Qc7 9. g4 e6 10. Nge2 Be7 11. Nd4 Nfd7 12. h4 b5 13. f4 Bb7 14. Bg2 Rc8 15. O-O-O Nb6 16. Qf2 Nc4 17. f5 e5 18. g5 exd4 19. Bxd4 f6 20. h5 Ne5 21. h6 gxh6 22. gxf6 Bxf6 23. Kb1 Bg5 24. Bf3 Qe7 25. Bh5+ Kd8 26. Bxc5 Rxc5 27. Qxc5 Nc4 28. Qd4 Bf6 29. Qd3 Kc8 30. Bf3 Be5 31. Rhg1 Rd8 32. Ka2 Kb8 33. b3 Nb6 34. Nd5 Nxd5 35. exd5 Rc8 36. Rde1 Qc7 37. Bd1 Ka8 38. Ref1 Qf7 39. f6 Rc5 40. Rg7 Qf8 41. Qxh7 Bxd5 42. f7 Bxg7 43. Qxg7 1-0

[Event "November 21 Early 2023"]
[Site "https://www.chess.com"]
[Date "2023.11.21"]
[Round "3"]
[White "Tarasova, Viktoriya"]
[Black "JuniorJumper"]
[Result "1-0"]
[Board "146"]
[TimeControl "180+1"]
[WhiteFideId "4175840"]
[WhiteElo "2182"]
[BlackElo "2570"]
[WhiteTeam "RUS"]
[WhiteClock "0:01:00"]
[BlackClock "0:00:02"]

1. d4 Nf6 2. c4 e6 3. Nc3 b6 4. e4 Bb7 5. f3 d5 6. cxd5 exd5 7. e5 Nfd7 8. f4 c5 9. Nf3 Nc6 10. Be3 Rc8 11. Be2 cxd4 12. Nxd4 Nxd4 13. Bxd4 Bc5 14. O-O O-O 15. Nb5 Ba6 16. Bxc5 Rxc5 17. Nd6 Bxe2 18. Qxe2 Qc7 19. Rad1 Rc2 20. Rd2 Rxd2 21. Qxd2 Qc5+ 22. Kh1 f6 23. b4 Qc6 24. Rc1 Qa4 25. Qxd5+ Kh8 26. e6 Qa3 27. Rd1 Nb8 28. e7 Rg8 29. Nf7# 1-0

[Event "November 21 Early 2023"]
[Site "https://www.chess.com"]
[Date "2023.11.21"]
[Round "3"]
[White "mkllnd1517"]
[Black "Thorfinnsson, Bjorn"]
[Result "0-1"]
[Board "147"]
[TimeControl "180+1"]
[BlackFideId "2300982"]
[WhiteElo "2355"]
[BlackElo "2381"]
[BlackTeam "ISL"]
[WhiteClock "0:00:00"]
[BlackClock "0:00:17"]

1. Nf3 d5 2. b3 g6 3. Bb2 Nf6 4. c4 c6 5. g3 Bg7 6. Bg2 O-O 7. O-O Bf5 8. d3 Qc8 9. Re1 Bh3 10. Bh1 Rd8 11. Nbd2 Na6 12. Ng5 Bg4 13. Qc2 h6 14. Ngf3 dxc4 15. Nxc4 Nb4 16. Qd2 Nbd5 17. Nfe5 Be6 18. Qc2 Nb6 19. b4 Nxc4 20. Nxc4 Bd5 21. e4 Be6 22. Rac1 Ne8 23. Bxg7 Nxg7 24. Red1 h5 25. h4 Ne8 26. d4 Nf6 27. Ne3 a5 28. d5 Bd7 29. e5 Nxd5 30. Nxd5 cxd5 31. Qxc8 Bxc8 32. Rxd5 Rxd5 33. Bxd5 axb4 34. Rc4 Kg7 35. Rxb4 Ra5 36. Bb3 Rxe5 37. Rc4 Bd7 38. Rc1 Bc6 39. Bc2 Rc5 40. Kf1 Ba4 0-1

[Event "November 21 Early 2023"]
[Site "https://www.chess.com"]
[Date "2023.11.21"]
[Round "3"]
[White "Nasir, Zehn"]
[Black "AC_20"]
[Result "0-1"]
[Board "148"]
[TimeControl "180+1"]
[WhiteFideId "2613239"]
[WhiteElo "2004"]
[BlackElo "2352"]
[WhiteTeam "CAN"]
[WhiteClock "0:00:46"]
[BlackClock "0:01:21"]

1. d4 d5 2. Bf4 Nf6 3. e3 e6 4. Nf3 Be7 5. Bd3 O-O 6. Nbd2 b6 7. Qe2 Bb7 8. Ne5 Nbd7 9. c3 c5 10. g4 Ne4 11. f3 Bh4+ 12. Kf1 Nxd2+ 13. Qxd2 f6 14. Nxd7 Qxd7 15. Bg3 Bg5 16. h4 Bh6 17. g5 fxg5 18. hxg5 Bxg5 19. Bxh7+ Kf7 20. Qg2 Ke7 21. Be5 Bxe3 22. Qxg7+ Rf7 23. Qg4 Qb5+ 24. Kg2 Qxb2+ 25. Kh3 Rxh7+ 0-1

[Event "November 21 Early 2023"]
[Site "https://www.chess.com"]
[Date "2023.11.21"]
[Round "3"]
[White "Statham_l3"]
[Black "Palacio,Igor Da Paz"]
[Result "1-0"]
[Board "149"]
[TimeControl "180+1"]
[BlackFideId "2121140"]
[WhiteElo "2559"]
[BlackElo "2126"]
[BlackTeam "BRA"]
[WhiteClock "0:00:18"]
[BlackClock "0:00:00"]

1. e4 d6 2. d4 Nf6 3. Nc3 g6 4. Bf4 c6 5. Nf3 Bg7 6. Qd2 Qa5 7. e5 dxe5 8. dxe5 Nd5 9. Nxd5 Qxd2+ 10. Bxd2 cxd5 11. O-O-O Nc6 12. Bc3 Bg4 13. Rxd5 Bxf3 14. gxf3 e6 15. Rc5 O-O 16. f4 Bh6 17. Bd2 Rab8 18. h4 Rfc8 19. Bg2 Bf8 20. Rc4 h5 21. b4 Ne7 22. Rxc8 Nxc8 23. Kb2 Nb6 24. Kb3 Nd7 25. Rd1 1-0

[Event "November 21 Early 2023"]
[Site "https://www.chess.com"]
[Date "2023.11.21"]
[Round "3"]
[White "Derjabin, Ilja"]
[Black "Mikhailova, Irina"]
[Result "1-0"]
[Board "150"]
[TimeControl "180+1"]
[WhiteFideId "14104768"]
[BlackFideId "4109040"]
[WhiteElo "2309"]
[BlackElo "2009"]
[WhiteTeam "UKR"]
[BlackTeam "RUS"]
[WhiteClock "0:00:07"]
[BlackClock "0:00:00"]

1. d4 Nf6 2. c4 g6 3. Nc3 d5 4. Bg5 Bg7 5. Nf3 dxc4 6. e4 c5 7. d5 b5 8. e5 b4 9. exf6 exf6 10. Qe2+ Kf8 11. Be3 bxc3 12. Bxc5+ Kg8 13. bxc3 Bb7 14. Rd1 Nd7 15. Bd4 Bxd5 16. g3 Qe8 17. Be3 Nb6 18. Bg2 Rd8 19. O-O f5 20. Qd2 Bf6 21. Bd4 Bg7 22. Rfe1 Qc6 23. Bxg7 Kxg7 24. Ne5 Bxg2 25. Qxd8 Rxd8 26. Nxc6 Rxd1 27. Rxd1 Bxc6 28. Rd6 Be4 29. Kf1 Na4 30. Ra6 Nxc3 31. Rxa7 Nb5 32. Ra5 c3 33. Ke2 c2 34. Kd2 Nd4 35. Rc5 Nf3+ 36. Ke3 Nxh2 37. a4 Ng4+ 38. Ke2 Ne5 39. Kd2 Nf3+ 40. Ke3 Ne5 41. a5 Nc6 42. a6 Na7 43. Kd2 h5 44. Rc7 Nb5 45. Rc5 Na7 46. Rc7 Nb5 47. Rb7 Nd4 48. Rb4 Nf3+ 49. Kc1 Ne1 50. Rxe4 fxe4 51. a7 e3 52. fxe3 Nd3+ 53. Kxc2 Ne5 54. a8=Q Kf6 55. Qa1 Kf5 56. Kd2 Ng4 57. Ke2 Kg5 58. Qa5+ f5 59. Kf3 Nh2+ 60. Kg2 Ng4 61. Qa7 Nf6 62. Qe7 f4 63. gxf4+ 1-0